 Dungeon Crawl Stone Soup version 0.18.1-50-g88ac8fd (webtiles) character file.

21 Naarciss the Firebug (level 2, 15/15 HPs)
             Began as a Deep Elf Fire Elementalist on Sept 29, 2016.
             Took a swim in molten lava
             ... on level 1 of the Dungeon.
             The game lasted 00:06:41 (865 turns).

Naarciss the Firebug (Deep Elf Fire Elementalist)    Turns: 865, Time: 00:06:41

Health: 15/15      AC:  3    Str:  5      XL:     2   Next: 65%
Magic:  6/8        EV: 13    Int: 19      God:
Gold:   16         SH:  0    Dex: 14 (15) Spells: 2 memorised, 4 levels left

rFire  . . .     SeeInvis .     j - -1 spear (curse)
rCold  . . .     Gourm    .     a - +1 robe
rNeg   . . .     Faith    .     (no shield)
rPois  .         Spirit   .     (no helmet)
rElec  .         Dismiss  .     (no cloak)
rCorr  .         Reflect  .     (no gloves)
SustAt +         Harm     .     (no boots)
MR     .....                    (no amulet)
Stlth  ++........               (no ring)
                                g - ring of sustain attributes

@: not resistant to hostile enchantments, unstealthy
A: no striking features
a: no special abilities


You were on level 1 of the Dungeon.
You were not hungry.

You visited 1 branch of the dungeon, and saw 1 of its levels.

You collected 16 gold pieces.

Inventory:

Hand Weapons
 d - a +2 dagger of flaming
 j - a cursed -1 spear (weapon)
Armour
 a - a +1 robe (worn)
Jewellery
 g - a ring of sustain attributes (left hand)
Potions
 e - a potion of heal wounds
Books
 b - a book of Flames

   Spells                             Type                      Level
   a - Flame Tongue                   Conjuration/Fire             1
   b - Throw Flame                    Conjuration/Fire             2
   c - Conjure Flame                  Conjuration/Fire             3
   d - Inner Flame                    Hexes/Fire                   3
   e - Sticky Flame                   Conjuration/Fire             4
   f - Fireball                       Conjuration/Fire             5
Comestibles
 c - a bread ration
 l - 3 fruits


   Skills:
 + Level 2.7 Dodging
 + Level 2.7 Stealth
 + Level 3.3 Spellcasting
 + Level 1.1 Conjurations
 + Level 3.9 Fire Magic


You had 4 spell levels left.
You knew the following spells:

 Your Spells              Type           Power        Failure   Level  Hunger
a - Flame Tongue          Conj/Fire      ##...        8%          1    None
b - Throw Flame           Conj/Fire      ##....       10%         2    ##.....


Dungeon Overview and Level Annotations

Branches:
Dungeon (1/15)

Altars:


Message History

It was a potion of degeneration.
There was something very wrong with that liquid.
You feel weakened for a moment.
You feel dopey for a moment.
You feel somewhat clumsy.
Drink which item? (? for menu, Esc to quit)
It was a potion of cure mutation.
It has a very clean taste.
The horns on your head shrink away.
Your vision sharpens.
You feel more energetic.
Drink which item? (? for menu, Esc to quit)
It was a potion of flight.
You feel very buoyant.
You fly up into the air.
There is a stone staircase leading down here.
There is a large open door here.
You are starting to lose your buoyancy.
Are you sure you want to fly over lava while you are losing your buoyancy?
You float gracefully downwards.
You fall into the lava!
The lava burns you to a cinder!
You die...

.....# ##§≈≈≈≈≈≈§§
.....# #≈≈≈≈≈#§§§
.....# ##≈≈≈§≈§§≈
.....# #§§#≈§§≈§ .....#
###≈§≈≈§####
.#######.§...§§§.<# §
.†.(.....'...§§...# ≈≈≈
....>###.#≈§≈≈§####≈≈≈§
#.#### #.#≈≈#§§≈@≈§§≈≈
....####.##≈§§≈≈§≈≈§#≈
#.#.[.##.##§§≈§§#§§§§≈≈
#...#.##.###§§≈≈§≈§≈≈§#
.P....##.# ###≈≈≈≈≈≈###
P.♣...##.# ########
.P♣.P..#.#
P♣♣♣♣PP#.#####
.♣♣P.PP......#


There were no monsters in sight!

Vanquished Creatures
  2 dart slugs (D:1)
  A giant gecko (D:1)
  A bat (D:1)
  A giant cockroach (D:1)
  2 goblins (D:1)
  2 jackals (D:1)
  2 giant newts (D:1)
  3 kobolds (D:1)
  2 rats (D:1)
16 creatures vanquished.

Notes
Turn   | Place    | Note
--------------------------------------------------------------
     0 | D:1      | Naarciss the Deep Elf Fire Elementalist began the quest for the Orb.
     0 | D:1      | Reached XP level 1. HP: 10/10 MP: 6/6
   174 | D:1      | Reached XP level 2. HP: 15/15 MP: 4/8
   183 | D:1      | Learned a level 2 spell: Throw Flame
   651 | D:1      | Gained mutation: You are robust (+10% HP). [potion of mutation]
   651 | D:1      | Lost mutation: You are robust (+10% HP). [potion of mutation]
   651 | D:1      | Gained mutation: Scrolls take you a little longer to read. [potion of mutation]
   652 | D:1      | Gained mutation: Your magical capacity is low (-10% MP). [potion of mutation]
   652 | D:1      | Gained mutation: You have a pair of small horns on your head. [potion of mutation]
   841 | D:1      | Lost mutation: You have a pair of small horns on your head. [potion of cure mutation]
   841 | D:1      | Lost mutation: Scrolls take you a little longer to read. [potion of cure mutation]
   841 | D:1      | Lost mutation: Your magical capacity is low (-10% MP). [potion of cure mutation]
   865 | D:1      | Took a swim in molten lava

Action                   || total
-------------------------++-------
Melee: Spear             ||     6
 Cast: Flame Tongue      ||    17
       Throw Flame       ||    12
  Use: Potion            ||     5
       Scroll            ||     4
Dodge: Dodged            ||     4
